 Dungeon Crawl Stone Soup version 0.26-a0-215-g1b87330c0f (webtiles) character file.

Game seed: 4060508778404655802

266 MrRokkomies the Vexing (level 6, -1/41 HPs)
             Began as a Vampire Enchanter on July 6, 2020.
             Was an Initiate of Kikubaaqudgha.
             Slain by a hobgoblin
             ... wielding a +0 club
             ... led by Robin
              (3 damage)
             ... on level 3 of the Dungeon.
             The game lasted 00:07:28 (2294 turns).

MrRokkomies the Vexing (Vampire Enchanter)          Turns: 2294, Time: 00:07:29

Health: -1/41      AC:  3    Str:  9    XL:     6   Next: 0%
Magic:  9/9        EV: 10    Int: 18    God:    Kikubaaqudgha [......]
Gold:   90         SH:  0    Dex: 14    Spells: 3/9 levels left

rFire    . . .     SeeInvis +   a - +1 dagger
rCold    . . .     Faith    .   (no shield)
rNeg     . . .     Spirit   .   b - +0 robe
rPois    .         Reflect  .   (no helmet)
rElec    .         Harm     .   (no cloak)
rCorr    .                      l - +0 pair of gloves
MR       .....                  (no boots)
Stlth    +++.......             q - amulet of the acrobat
HPRegen  0.33/turn              (no ring)
MPRegen  0.11/turn              (no ring)

@: about to teleport, regenerating quickly, constricted
A: no food, fangs 3, see invisible, unbreathing
a: Exsanguinate, Renounce Religion


You were on level 3 of the Dungeon.
You worshipped Kikubaaqudgha.
Kikubaaqudgha was noncommittal.
You were alive.

You visited 1 branch of the dungeon, and saw 3 of its levels.

You collected 90 gold pieces.

Inventory:

Hand Weapons
 a - a +1 dagger (weapon)
Missiles
 h - 4 curare-tipped darts
 k - 6 boomerangs (quivered)
Armour
 b - a +0 robe (worn)
 l - a +0 pair of gloves (worn)
Jewellery
 q - an amulet of the acrobat (around neck)
Scrolls
 c - a scroll of fear {unknown}
 g - a scroll of immolation {unknown}
 m - a scroll of identify {unknown}
 n - a scroll of enchant armour {unknown}
 o - a scroll of remove curse {unknown}
 p - a scroll of fog {unknown}
 s - a scroll of noise {unknown}
 t - a scroll of random uselessness {unknown}
Potions
 d - 2 potions of invisibility {unknown}
 e - 2 potions of brilliance {unknown}
 f - a potion of flight {unknown}
 i - 2 potions of lignification {unknown}
 j - a potion of curing {unknown}


   Skills:
 * Level 3.6 Short Blades
 + Level 3.3 Dodging
 + Level 6.1 Stealth
 - Level 2.1 Spellcasting
 * Level 6.6 Hexes


You had 3 spell levels left.
You knew the following spells:

 Your Spells              Type           Power        Failure   Level
a - Corona                Hex            ####...      1%          1
b - Ensorcelled Hibernat  Hex/Ice        ##....       7%          2
c - Confusing Touch       Hex            ####....     3%          3

Your spell library contained the following spells:

 Spells                   Type           Power        Failure   Level
 Tukima's Dance           Hex            ####....     3%          3
 Dazzling Flash           Conj/Hex       ##....       14%         3


Dungeon Overview and Level Annotations

Branches:
Dungeon (3/15)

Altars:
Kikubaaqudgha
Xom

Annotations:
D:3 Jessica, Robin


Innate Abilities, Weirdness & Mutations

You do not eat.
Your natural rate of healing is unusually fast.
You have razor-sharp teeth.
You have supernaturally acute eyesight. (SInv)
You can survive without breathing.


Message History

As you read the scroll of teleportation, it crumbles to dust.
You feel strangely unstable.
Robin points. "Kill!"
The ball python bites you but does no damage.
The ball python constricts you. The goblin misses you.
The hobgoblin hits you with a +0 club.
An orc comes into view. It is wielding a +0 mace.
The goblin hits you. The hobgoblin hits you with a +0 club.
* * * LOW HITPOINT WARNING * * *
Unknown command.
Okay, then.
You barely miss the ball python. Your bite misses the ball python.
The ball python barely misses you. The ball python constricts you.
The goblin hits you but does no damage. The hobgoblin hits you with a +0 club!
* * * LOW HITPOINT WARNING * * *
Unknown command.
You closely miss the ball python. The goblin closely misses you.
The hobgoblin hits you with a +0 club.
You die...
Kikubaaqudgha rasps: "You have failed me!
Welcome... death!"

#.######## #........#
#........#^ ### #...
#.......... .. ...o.
#..<.....# ##.# ...#
#........# #..##o.#
#..>.....# #$#....#
##)####### ##g#o...# ##
#).# #####@glggK.#... .###
#........ggSgo..o... .#
###......#####g#.#.#.#. .#
........ ##......... .#
.......# ####.#.#.#.#. .###
......# #............. ...#
......###...#.#.#.#.#.
..(#######................
..((..(([...###.#.#.#.#.#.#


You could see Robin, 3 orcs, a leopard gecko, 3 hobgoblins, 4 goblins, a ball
python and a kobold.

Vanquished Creatures
  2 vampire bats (D:3)
  An orc wizard (D:3)
  Terence (D:2)
  4 gnolls (D:2)
  4 adders (D:2)
  2 worms (D:2)
  2 dart slugs
  A leopard gecko (D:2)
  4 orcs (D:3)
  5 bat skeletons (D:3)
  A bat zombie (D:3)
  3 giant cockroaches
  12 goblins
  4 hobgoblins (D:1)
  A ball python (D:3)
  4 bats
  A frilled lizard (D:1)
  2 kobolds
  5 rats
59 creatures vanquished.

Notes
Turn   | Place    | Note
-------+----------+-------------------------------------------
     0 | D:1      | MrRokkomies the Vampire Enchanter began the quest for the
                  | Orb.
     0 | D:1      | Reached XP level 1. HP: 13/13 MP: 3/3
   226 | D:1      | Reached XP level 2. HP: 19/19 MP: 5/5
   275 | D:1      | Reached skill level 5 in Stealth
   557 | D:1      | Found a shimmering altar of Xom.
   802 | D:2      | Noticed Terence
   803 | D:2      | Killed Terence
   803 | D:2      | Reached skill level 5 in Hexes
   803 | D:2      | Reached XP level 3. HP: 24/24 MP: 6/6
   904 | D:2      | Learned a level 2 spell: Ensorcelled Hibernation
   908 | D:2      | Learned a level 3 spell: Confusing Touch
   924 | D:2      | Reached XP level 4. HP: 19/30 MP: 0/7
  1582 | D:2      | Reached XP level 5. HP: 20/35 MP: 8/8
  1791 | D:3      | Noticed Jessica
  2059 | D:3      | Found an ancient bone altar of Kikubaaqudgha.
  2084 | D:3      | Became a worshipper of Kikubaaqudgha
  2187 | D:3      | Noticed Robin
  2219 | D:2      | Reached XP level 6. HP: 20/41 MP: 9/9
  2293 | D:3      | HP: 2/41 [hobgoblin/+0 club[Robin] (7)]
  2294 | D:3      | Slain by a hobgoblin

Illustrated notes

Levels and vault maps discovered:
D:1:      dpeg_arrival_round_b, layout_loops_ring, xom_teletrap_fun
D:2:      layout_rooms, uniq_terence
D:3:      layout_rooms, marbit_many_paths, lemuel_crystal_altar,
          kennysheep_vampire_church, hex_large, kennysheep_path_1, uniq_robin,
          uniq_jessica

Skill      XL: |  1  2  3  4  5 |
---------------+----------------+-----
Stealth        | 5 6 |  6.1
Hexes          | 5 6 |  6.6
Short Blades   | 2 3 |  3.6
Dodging        | 3 |  3.3
Spellcasting   | |  2.1

Action                   |  1- 3 |  4- 6 || total
-------------------------+-------+-------++-------
Melee: Dagger            |    85 |   181 ||   266
       Bite              |     8 |    14 ||    22
 Cast: Corona            |     4 |       ||     4
       Ensorcelled Hiber |     2 |    15 ||    17
       Confusing Touch   |       |     1 ||     1
  Use: Scroll            |     2 |     1 ||     3
       Potion            |     2 |       ||     2
 Stab: Sleeping          |     8 |    13 ||    21
       Confused          |       |     1 ||     1
Armor: Robe              |    12 |    57 ||    69
Dodge: Dodged            |    48 |   162 ||   210

Table legend:
 A = Non-vault XP
 B = Vault XP
 C = Vault XP percentage of total XP
 D = Non-vault monster count
 E = Vault monster count
 F = Vault count percentage of total count
                 A         B        C        D         E       F
            +---------+---------+-------+---------+---------+-------
      Total |     215 |     166 |  43.6 |      45 |      14 |  23.7
            +---------+---------+-------+---------+---------+-------
        D:1 |      26 |       0 |   0.0 |      16 |       0 |   0.0
        D:2 |     141 |      40 |  22.1 |      21 |       5 |  19.2
        D:3 |      48 |     126 |  72.4 |       8 |       9 |  52.9
            +---------+---------+-------+---------+---------+-------
